Cogmind - Beta 15 @@@ ROGUE MODE // 2025.05.15 @ 21:34:52 Player: jumpy Result: Self-destructed Performance ------------- Evolutions (1) 500 Regions Visited (2) 400 Robots Destroyed (9) 45 Value Destroyed (109) 109 Prototype IDs (2) 40 Alien Tech Used (0) 0 Bonus (0) 0 TOTAL SCORE: 1094 Bonus ------- None Cogmind --------- Core Integrity 311/400 Matter 288/300 Energy 280/280 System Corruption 0% Temperature Cool (96) Movement Treading (160) Location -9/Materials Parts ------- > --- POWER (1) -------- Heavy Ion Engine > --- PROPULSION (2) --- Light Treads Light Treads > --- UTILITY (4) ------ Small Storage Unit Improved Terrain Scanner Terrain Scan Processor Seismic Detector > --- WEAPON (2) ------- Improved Medium Laser Improved Medium Laser > --- INVENTORY (8) ---- Heavy Ion Engine Heavy Ion Engine Light Treads Compact Wheel Compact Wheel Improved Medium Laser Improved Medium Laser Mini Grenade Launcher Peak State ------------ > --- POWER ------------ Heavy Ion Engine > --- PROPULSION ------- Light Treads Light Treads > --- UTILITY ---------- Small Storage Unit Improved Terrain Scanner Terrain Scan Processor Seismic Detector > --- WEAPON ----------- Improved Medium Laser Improved Medium Laser > --- INVENTORY -------- Heavy Ion Engine Heavy Ion Engine Compact Wheel Compact Wheel Improved Medium Laser Improved Medium Laser [Rating: 19] Favorites ----------- Power Ion Engine Engine Ion Engine Propulsion Light Treads Treads Light Treads Utility Small Storage Unit Device Seismic Detector Storage Small Storage Unit Processor Terrain Scan Processor Weapon Improved Medium Laser Energy Gun Improved Medium Laser Ballistic Gun Light Assault Rifle Build | -11 -10 -9 ------- Run | Yrd Mat Mat Slots Evolved 2 | . . 2 Power . | . . . Propulsion . | . . . Utility 2 | . . 2 Weapon . | . . . Parts Attached 15 | 8 4 3 Power 3 | 1 2 . Engine 3 | 1 2 . Core . | . . . Reactor . | . . . Propulsion 3 | 2 . 1 Treads 3 | 2 . 1 Leg . | . . . Wheel . | . . . Hover . | . . . Flight . | . . . Utility 4 | 2 . 2 Device 2 | 1 . 1 Storage 1 | 1 . . Processor 1 | . . 1 Hackware . | . . . Protection . | . . . Artifact . | . . . Weapon 5 | 3 2 . Energy Gun 4 | 2 2 . Energy Cannon . | . . . Ballistic Gun 1 | 1 . . Ballistic Cannon . | . . . Launcher . | . . . Special Weapon . | . . . Impact Weapon . | . . . Slashing Weapon . | . . . Piercing Weapon . | . . . Special Melee Weapon . | . . . Unidentified Prototypes 2 | . 2 . Parts Lost . | . . . Power . | . . . Propulsion . | . . . Utility . | . . . Weapon . | . . . Highest Loss Streak . | . . . To Critical Strikes . | . . . Average Backups 5 | 3 5 7 Power 1 | . 1 2 Propulsion 2 | 1 2 2 Utility . | . 2 . Weapon . | . . 2 Tool/Special . | . . . Unused Backups 6 | . 1 5 Power 1 | . 1 . Propulsion 2 | . . 2 Utility . | . . . Weapon 3 | . . 3 Tool/Special . | . . . Average Slot Usage (%) 99 | . 100 99 Engine 12 | . 14 11 Treads 25 | . 28 22 Device 18 | . 14 22 Storage 12 | . 14 11 Processor 5 | . . 10 Energy Gun 20 | . 18 22 Ballistic Gun 4 | . 9 . Peak Build Rating 19 | 7 14 19 Average Rating 10 | 5 8 18 On Entrance 7 | . 7 14 Naked Turns . | . . . Heaviest Build 21 | 14 20 21 Greatest Support 40 | 40 40 40 Greatest Overweight (x) . | . . . Average Overweight (x) . | . . . Largest Inventory Capacity 8 | 8 8 8 Average Capacity 7 | 6 8 8 Most Carried 8 | 5 8 8 Average Carried 5 | 3 5 7 Final Capacity 8 | 8 8 8 Final Carried 8 | 5 8 8 Class Distribution -------------------- 100% | Mutant Dominant Class ---------------- Mutant | -10/Materials Mutant | -9/Materials Resources | -11 -10 -9 ----------- Run | Yrd Mat Mat Matter Collected 358 | 300 2 56 Remotely . | . . . Salvage Created 245 | 162 27 56 Parts 16 | 13 2 1 Haulers Intercepted . | . . . Recyclers Shooed . | . . . Parts Field Recycled . | . . . Retrieved Matter . | . . . Parts Self-Destructed . | . . . Prevented . | . . . Kills | -11 -10 -9 ------- Run | Yrd Mat Mat Combat Hostiles Destroyed 4 | . 2 2 Melee 1 | . . 1 Guns 2 | . 2 . Classes Destroyed 4 | 2 1 1 Tunneler 4 | 4 . . Recycler 1 | 1 . . Swarmer 3 | . 2 1 Sentry 1 | . . 1 Best Kill Streak 2 | 2 2 1 Combat Bots Only 2 | . 2 1 Max Kills in Single Turn 1 | 1 1 1 Gunslinging . | . . . Exploded . | . . . Melee 1 | . . 1 Uniques/NPCs Destroyed . | . . . Combat | -11 -10 -9 -------- Run | Yrd Mat Mat Hostile Shots Fired 53 | . 11 42 Missed 12 | . 2 10 Hits 41 | . 9 32 Projectile 41 | . 9 32 Critical Strikes 1 | . . 1 Damage Taken 394 | . 75 319 Core 105 | . 16 89 Absorbed by Shields . | . . . Core Remaining (%) 96 | 100 93 . Volleys Fired 36 | 20 7 9 Largest 2 | 2 2 2 Hottest 112 | 70 70 112 Shots Fired 72 | 40 14 18 Gun 72 | 40 14 18 Cannon . | . . . Launcher . | . . . Special . | . . . Kinetic 27 | 20 7 . Thermal 45 | 20 7 18 Explosive . | . . . Electromagnetic . | . . . Robot Hit Streak 13 | 7 6 13 Robot Miss Streak 3 | 3 2 1 Penetration Max . | . . . Secondary Targets 1 | . 1 . Max Gunslinging Chain 1 | . 1 . Shots Hit Robots 47 | 21 10 16 Core Hits 13 | 8 4 1 Critical Kills . | . . . Critical Parts Destroyed . | . . . Critical Strikes 4 | 1 1 2 Burn 4 | 1 1 2 Melee Attacks . | . . . Impact . | . . . Slashing . | . . . Piercing . | . . . Sneak Attacks . | . . . Combat Hostiles . | . . . Follow-up Attacks . | . . . Damage Inflicted 601 | 217 111 273 Guns 596 | 217 110 269 Cannons . | . . . Explosions . | . . . Melee . | . . . Ramming 5 | . 1 4 Kinetic 115 | 79 36 . Thermal 481 | 138 74 269 Explosive . | . . . Electromagnetic . | . . . Impact . | . . . Slashing . | . . . Piercing . | . . . Highest Corruption . | . . . Average Corruption . | . . . Corruption Purged . | . . . Corruption Blocked . | . . . Overload Shots . | . . . Overflow Damage . | . . . Projectiles . | . . . Explosions . | . . . Melee . | . . . Knockbacks . | . . . Impact . | . . . Kinetic . | . . . Secondary . | . . . Self-Inflicted Damage . | . . . Shots . | . . . Rammed 2 | . 1 1 Targets Rammed 3 | . 1 2 Kicked . | . . . Crushed 1 | . . 1 Highest Temperature 270 | 100 100 270 Average Temperature 65 | 31 52 124 Received Heat Transfer 81 | . . 81 Effects 3 | . . 3 Interference 3 | . . 3 Siege Activations . | . . . Martial Activations . | . . . Shielding Activations . | . . . Robots Disrupted . | . . . Combat Hostiles . | . . . Robots Corrupted . | . . . Combat Hostiles . | . . . Parts Fried . | . . . Impact Corruptions . | . . . Robots Melted 1 | . . 1 Combat Hostiles 1 | . . 1 Parts Melted 4 | 2 . 2 Heat Transferred 1517 | 481 296 740 Parts Sabotaged . | . . . Parts Stolen . | . . . Parts Stripped . | . . . Power Chain Reactions . | . . . Alert | -11 -10 -9 ------- Run | Yrd Mat Mat Maximum Alert Level . | . . . Low Security (%) 100 | 100 100 100 Level 1 . | . . . Level 2 . | . . . Level 3 . | . . . Level 4 . | . . . Level 5 . | . . . High Security . | . . . Max Security . | . . . Peak Influence 55 | 5 55 30 Initial . | . . . Average 9 | 1 23 5 Influence Increases 146 | 25 61 60 Destroy 0b10 Robot/C 80 | . 40 40 Destroy 0b10 Robot/NC 25 | 25 . . Destroy Leader 20 | . . 20 Successful Hack 6 | . 6 . Lose Combat Pursuer 15 | . 15 . Influence Decreases 116 | 25 60 31 Entered New Map 1 | . . 1 Time Decay 115 | 25 60 30 Squads Dispatched 1 | . . 1 Investigation . | . . . Extermination . | . . . Reinforcement 1 | . . 1 Assault . | . . . Garrison . | . . . Intercept . | . . . Searches Triggered . | . . . Construction Impeded . | . . . Haulers Reinforced . | . . . Active Scanning Responses . | . . . Cargo Convoy Interrupts . | . . . Stealth | -11 -10 -9 --------- Run | Yrd Mat Mat Distress Signals 1 | . . 1 Communications Jammed . | . . . Distress Signals . | . . . Times Spotted 17 | . 5 12 Peak Tracking Total 9 | . 4 9 Tactical Retreats 1 | . 1 . Traps | -11 -10 -9 ------- Run | Yrd Mat Mat Traps Triggered . | . . . Indirectly . | . . . Trap Hack Attempts . | . . . Triggered . | . . . Disarmed . | . . . Reprogrammed . | . . . Reused . | . . . Traps Extracted . | . . . Installed . | . . . Triggered . | . . . Machines | -11 -10 -9 ---------- Run | Yrd Mat Mat Machines Disabled . | . . . Max in Single Turn . | . . . Machines Repaired . | . . . Machines Dismantled . | . . . Machines Sabotaged . | . . . Overloaded Fab Kills . | . . . Hacking | -11 -10 -9 --------- Run | Yrd Mat Mat Machines Accessed 1 | . 1 . Terminals 1 | . 1 . Fabricators . | . . . Repair Stations . | . . . Recycling Units . | . . . Scanalyzers . | . . . Garrison Access . | . . . Total Hacks 2 | . 2 . Successful 1 | . 1 . Failed 1 | . 1 . Catastrophic . | . . . Database Lockouts . | . . . Manual 2 | . 2 . Terminals 2 | . 2 . Fabricators . | . . . Repair Stations . | . . . Recycling Units . | . . . Scanalyzers . | . . . Garrison Access . | . . . Terminal Hacks 1 | . 1 . Robot Analysis 1 | . 1 . Fabricator Hacks . | . . . Repair Station Hacks . | . . . Recycling Unit Hacks . | . . . Scanalyzer . | . . . Garrison Access Hacks . | . . . Unauthorized Hacks . | . . . Terminals . | . . . Fabricators . | . . . Repair Stations . | . . . Recycling Units . | . . . Scanalyzers . | . . . Garrison Access . | . . . Data Cores Recovered . | . . . Used . | . . . Hacking Detections . | . . . Full Trace Events . | . . . Feedback Events . | . . . Feedback Blocked . | . . . Robot Schematics Acquired . | . . . Robots Built . | . . . Authchips . | . . . Time . | . . . Total Robot Build Rating . | . . . Part Schematics Acquired . | . . . Parts Built . | . . . Authchips . | . . . Time . | . . . Total Part Build Rating . | . . . Parts Repaired . | . . . Time . | . . . Parts Recycled . | . . . Recycled Matter . | . . . Retrieved Matter . | . . . Retrieved Components . | . . . Parts Scanalyzed . | . . . Part Schematics Acquired . | . . . Parts Damaged . | . . . Bothacking | -11 -10 -9 ------------ Run | Yrd Mat Mat Used RIF Installer . | . . . Robots Hacked . | . . . Non-combat . | . . . Combat . | . . . Robot Hacks Applied . | . . . Relay Couplers Released . | . . . Fabnet Peak Effective % . | . . . Robots Rewired . | . . . Allies Hacked . | . . . Hacks Repelled . | . . . Allies | -11 -10 -9 -------- Run | Yrd Mat Mat Total Allies . | . . . Largest Group . | . . . Highest-Rated Group . | . . . Highest-Rated Ally . | . . . Total Orders . | . . . Ally Attacks . | . . . Total Damage . | . . . Kills . | . . . Allies Corrupted . | . . . Allies Melted . | . . . Intel | -11 -10 -9 ------- Run | Yrd Mat Mat Active Infowar (turns) 386 | 73 160 153 Terrain 153 | . . 153 Seismic 386 | 73 160 153 Robot Analysis Total 1 | . 1 . Derelict Logs Recovered . | . . . Drone Launches . | . . . Drone Recoveries . | . . . Exploration | -11 -10 -9 ------------- Run | Yrd Mat Mat Turns Passed 536 | 209 160 167 Spaces Moved 236 | 90 75 71 Core 7 | 7 . . Treads 229 | 83 75 71 Legs . | . . . Wheels . | . . . Hover . | . . . Flight . | . . . Fastest Speed 50 | 50 160 160 Average Speed 156 | 151 160 160 Slowest Speed 160 | 160 160 160 Overloaded Moves . | . . . Propulsion Burnouts . | . . . Robots Hopped . | . . . Potential Cave-ins . | . . . Cave-ins Triggered . | . . . Exploration Rate (%) 12 | 6 18 12 Regions Visited 2 Branch Regions . Pre-discovered Areas . | . . . Known Exits Taken . | . . . Unknown Exits Taken 2 | 1 1 . Scrap Searched . | . . . Spaces Dug . | . . . Terrain Destroyed . | . . . Melee . | . . . Projectile . | . . . AOE . | . . . Terrain Rammed . | . . . Walls Destroyed . | . . . Machines Disabled . | . . . Actions | -11 -10 -9 --------- Run | Yrd Mat Mat Total 329 | 123 102 104 Wait 26 | . 8 18 Move 234 | 89 74 71 Hop . | . . . Pick Up 11 | 5 5 1 Fast Attach 9 | 8 1 . Attach 2 | . . 2 Detach . | . . . Swap 4 | . 3 1 Drop 4 | 1 3 . Fire 36 | 20 7 9 Melee . | . . . Ram . | . . . Kick . | . . . Crush 3 | . 1 2 Escape Stasis . | . . . Rewire . | . . . Trap . | . . . Miscellaneous . | . . . Route ------- -11/Scrapyard -10/Materials -9/Materials History --------- Turn | Location | Event 4 | -11/Scrapyard | Discovered new exit (range 16) 210 | -11/Scrapyard | Entered Materials 306 | -10/Materials | Build established: Mutant 308 | -10/Materials | Discovered new exit (range 8) 370 | -10/Materials | Entered another Materials area 370 | -9/Materials | Evolved 2 slots: Utility x2 537 | -9/Materials | Self-destructed Last Messages --------------- 00458_ Critical hit (Burn: +37). 00460_ Y-45 Defender heat damages Lgt. Armor Plating, Heat Sink. 00460_ Melted Lgt. Treads. 00461_ Y-45 Defender critical meltdown. 00461_ Heat Sink melted. 00464_ Overheating: System interference. 00464_ Imp. Terrain Scanner temporarily disabled. 00464_ Terrain Scan Processor temporarily disabled. 00464_ Seismic Detector temporarily disabled. 00466_ Acquired 56 matter. 00493_ K-01 Serf cleans the Nuclear Reactor. 00528_ S-10 Pest heat short circuits Flight Unit. 00529_ S-10 Pest suffers critical hit (Burn). 00529_ S-10 Pest overheating. 00530_ S-10 Pest heat damages Lgt. Ion Engine. 00530_ S-10 Pest overheating. 00532_ Slammed into S-10 Pest. 00532_ S-10 Pest overheating. 00534_ Crushed S-10 Pest. 00534_ S-10 Pest destroyed. Map ----- +----------------------------------------------------+ | ???????????????????????????????????? ? ??????????? | | ????????????????????????????????????????#???????? | | ????????????????????????????????????? ????????? ?? | | ????????????????????????????????????? ??##????? ?? | | ?????????????????????????????????????????# ?##?#?# | | ???????????????????????????????????????###+#??##?# | | ????????????????????????????????????? # ? ? #?? | | ????????????????????????????????????? ?# ?"? ### | | ???????????????????????????????? ?? # """ ## | | ?????????????????????????????? ??? ?# """ ## | | ???????????????????? ??#???? ? ???# ## | | ??????????????????? ###???# ???# """ ## | | ???????????????? ??? ?? # """ ## | | ??????????????? ??? ??+ """ ## | | ??????????????? ?? T # ## | | ???????????????# """ ?# ## | | ????????????? ?# """ # ## | | ???????????? ???m """ ####+###### | | ????????? ??? ?? | | ????????????? ?? ? | | ????????????? ?##?# k g""" | | ???????????? ? ???## """ #######+######## | | ???????????? ??#???# ]] g """ ##?## # ? | | ??????????##???????# ] ##??# # | | ???????????????????# b #?### # | | ??????????? ???##?## @ g ##### ! # | | ?????????? ?##????## ####s#### #???# ! # | | ????????? ? #?##??##? ?# # ##### # | | ?????????? ?#??#??? ?## *s # + # | | ??????????????#??#?# ??# ** # ##### # | | ?????????????#?#??#? ## ** + ##??# ##### | | ?????????? ?#?????## ?##########+###### ##?#? | | ????????????#?#???##????##?# ## ##### | | ???????????#??#??##? ??##### """ """ ## "T" #?#?? | | ???????????#?#????## ?####?# """ """ ## ##??? | | ????????????#??##?## ?##??# """ """ ##########??? | | ?????????????#?#?#?# ##??## """ """ # ????? ? ?? | | ?????????????#?##?##? ##?### # ?? ? ???? | | ???????????????? ##???###?#= #?"?"?""" ""? | | ??????????????????? ????##? ] ? ??"??????"? | | ???????????????? ?#? #??#?###########???"?"?????? | | ???????????????????? ?##?##?#??####??? ???? ????? | | ????????????????????????# ?? ? ?? ????#???????? | | ??????????????????????#?? ????? ?"????? ?????????? | | ??????????????????????????????? ?"" ?????????????? | | ??????????????????????#???????? ??"??????????????? | | ?????????????????????????????????????#???????????? | | ?????????????????????????????????????????????????? | | ?????????????????????????????????????????????????? | | ?????????????????????????????????????????????????? | +----------------------------------------------------+ Best States ------------- Heat Dissipation 28 Energy Generation 14 Energy Capacity 280 Matter Stores 300 Matter Capacity 300 Sight Range 16 Terrain Scan Range 16 Terrain Scan Density 85 Evasion (%) 40 Recoil Reduction 2 Item Schematics ----------------- None Robot Schematics ------------------ None Fabricated ------------ Nothing Repaired ---------- Nothing Alien Tech Used ----------------- None Achievements -------------- None Challenges ------------ None Game ------ Seed SmallTransmissionInterpreter Manual? 0 Play Time 00:03:50 Cumulative 95.7 hours Start 2025.05.15 @ 21:31:49 End 2025.05.15 @ 21:34:52 Sessions 1 Manual Loads 0 Difficulty Rogue Special Mode None Game No. 243 Rogue 243 Adventurer 0 Explorer 0 Win Type - Total 2 Types 2/0/0/0/0/0/0/0/0/0 Lore% 43 Gallery% 48 Achievement% 39 Wizard Run 0 Options --------- Layout 0 ASCII 0 Keyboard 0 Movement Numpad Keybinds 0 Fullscreen 2 Font 18/Terminus Map View 76x50 Zoom Use 0% Tactical HUD 1 Map Filters NONE Filters NONE Steam 1 RUN: 94bd37d2-e75f-408c-994c-6d873ad7d5f1